 Dungeon Crawl Stone Soup version 0.29-a0-911-g88e6f02907 (webtiles) character file.

Game seed: 5419786465338849900

9312 quixfox the Geomancer (level 11, -16/66 HPs)
             Began as a Gargoyle Earth Elementalist on July 25, 2022.
             Was an Elder of Vehumet.
             Demolished by a death yak (20 damage)
             ... on level 10 of the Dungeon.
             The game lasted 00:34:14 (12424 turns).

quixfox the Geomancer (GrEE)                       Turns: 12424, Time: 00:34:14

Health: -16/66     AC: 23    Str: 12    XL:     11   Next: 44%
Magic:  24/31      EV: 11    Int: 20    God:    Vehumet [****..]
Gold:   80         SH:  5    Dex: 14    Spells: 14/25 levels left

rFire   + . .      SeeInvis .   b - staff of fire
rCold   . . .      Faith    .   t - +0 buckler
rNeg    + . .      Spirit   .   s - +1 robe of Jypigupu {Dex+4}
rPois   ∞          Reflect  .   y - +1 helmet
rElec   +          Harm     .   d - +0 cloak
rCorr   .          Rampage  .   G - +2 pair of gloves
Will    .....                   L - +1 pair of boots
Stlth   ++........              K - amulet of the acrobat
HPRegen 0.21/turn               e - +4 ring of protection
MPRegen 0.22/turn               I - ring of magical power

@: no status effects
A: sickness immunity, AC +8, negative energy resistance 1, electricity
resistance, torment resistance 1, petrification resistance
a: Renounce Religion


You were on level 10 of the Dungeon.
You worshipped Vehumet.
Vehumet was greatly pleased with you.
You visited 2 branches of the dungeon, and saw 12 of its levels.
You also visited: Bailey.

You collected 472 gold pieces.
You spent 392 gold pieces at shops.

Inventory:

Hand Weapons
 a - the +8 whip "Snakebite" {venom, curare, rPois}
   (You took it off Amaemon on level 8 of the Dungeon)

   It poisons the flesh of those it strikes.
   It occasionally inflicts asphyxiating poison on those it strikes, dealing
   poison damage and causing slowness.
   rPois:     It protects you from poison.
Missiles
 k - a throwing net
Armour
 d - a +0 cloak (worn)
 m - a +0 troll leather armour
 s - the +1 robe of Jypigupu (worn) {Dex+4}
   (You found it on level 2 of the Dungeon)

   Dex:       It affects your dexterity (+4).
 t - a +0 buckler (worn)
 y - a +1 helmet (worn)
 G - a +2 pair of gloves (worn)
 L - a +1 pair of boots (worn)
Magical Staves
 b - a staff of fire (weapon)
Jewellery
 e - a +4 ring of protection (left hand)
 g - a ring of positive energy
 I - a ring of magical power (right hand)
 K - an amulet of the acrobat (around neck)
Wands
 l - a wand of flame (34)
 x - a wand of mindburst (21)
 z - a wand of polymorph (7)
 E - a wand of iceblast (18)
Scrolls
 f - 3 scrolls of poison
 o - 2 scrolls of brand weapon
 v - 3 scrolls of teleportation
 w - a scroll of enchant armour
 A - a scroll of vulnerability
 M - a scroll of fear
Potions
 c - a potion of cancellation
 i - 4 potions of might
 j - 2 potions of mutation
 n - 3 potions of brilliance
 p - 2 potions of heal wounds
 q - a potion of magic
 r - 5 potions of haste
 u - a potion of invisibility {unknown}
 B - 2 potions of ambrosia
 C - 3 potions of lignification
 F - 2 potions of berserk rage
 J - a potion of attraction {unknown}


   Skills:
 + Level 6.9 Fighting
 + Level 2.6(3.3) Maces & Flails
 - Level 3.0(3.5) Staves
 - Level 1.5 Dodging
 - Level 2.1 Stealth
 + Level 4.2 Shields
 + Level 7.9 Spellcasting
 + Level 6.9 Conjurations
 - Level 0.7 Transmutations
 + Level 6.3 Fire Magic
 + Level 10.4 Earth Magic
 - Level 3.1 Evocations


You had 14 spell levels left.
You knew the following spells:

 Your Spells              Type           Power      Damage    Failure   Level
a - Sandblast             Erth           98%        2d20      1%          1
b - Passwall              Tmut/Erth      25%        N/A       1%          2
c - Stone Arrow           Conj/Erth      84%        3d12      1%          3
d - Fireball              Conj/Fire      25%        3d11      5%          5

Your spell library contained the following spells:

 Spells                   Type           Power      Damage    Failure   Level
 Necrotise                Necr           28%        1d5       11%         1
 Summon Small Mammal      Summ           28%        N/A       11%         1
 Petrify                  Tmut/Erth      30%        N/A       11%         4
 Irradiate                Conj/Tmut      11%        3d15      17%         5
 Call Canine Familiar     Summ           7%         N/A       32%         3
 Gell's Gravitas          Tloc           7%         N/A       32%         3
 Lesser Beckoning         Tloc           7%         N/A       32%         3
 Summon Guardian Golem    Hex/Summ       7%         N/A       32%         3
 Teleport Other           Tloc           7%         N/A       32%         3
 Vampiric Draining        Necr           7%         2d6       32%         3
 Blade Hands              Tmut           5%         N/A       92%         5
 Agony                    Necr           7%         N/A       97%         5
 Dragon Form              Tmut           5%         N/A       100%        7


Dungeon Overview and Level Annotations

Branches:
Dungeon (11/15)            Temple (1/1) D:5            Lair (0/5) D:11
    Orc (0/2) D:10         Bailey (visited)

Altars:
Ashenzari
Cheibriados
Dithmenos
Elyvilon
Fedhas
Hepliaklqana
Kikubaaqudgha
Makhleb
Nemelex Xobeh
Okawaru
Qazlal
Ru
Sif Muna
Trog
Uskayaw
Vehumet
Wu Jian
Xom
Yredelemnul
Zin
The Shining One

Shops:
D:2 (   D:7 *   D:10 !*


Innate Abilities, Weirdness & Mutations

You are immune to sickness and miasma.
Your stone body is resilient. (AC +8)
You are immune to poison.
You resist negative energy. (rN+)
You are resistant to electric shocks. (rElec)
You are resistant to unholy torment.
You are immune to petrification.


Message History

The death yak is severely wounded.
The death yak gores you but does no damage.
You block the death yak's attack.
Aiming: Sandblast (safe; 1% risk of failure)
Press: ? - help, Q - select action, (/) - cycle Shift-Dir - straight line, f/p - death yak
Aim: a death yak (severely wounded, 94% to hit)
The blast of sand hits the death yak but does no damage.
The death yak is severely wounded.
You block the death yak's attack. The death yak closely misses you.
Aiming: Sandblast (safe; 1% risk of failure)
Press: ? - help, Q - select action, (/) - cycle Shift-Dir - straight line, f/p - death yak
Aim: a death yak (severely wounded, 94% to hit)
The blast of sand hits the death yak!
The death yak is severely wounded.
You block the death yak's attack.
The death yak snorts and paws the ground.
The death yak gores you!!
* * * LOW HITPOINT WARNING * * *
Aiming: Sandblast (safe; 1% risk of failure)
Press: ? - help, Q - select action, (/) - cycle Shift-Dir - straight line, f/p - death yak
Aim: a death yak (severely wounded, 94% to hit)
The blast of sand hits the death yak.
The death yak is almost dead.
The death yak closely misses you. The death yak gores you.
* * * LOW HITPOINT WARNING * * *
Aiming: Sandblast (safe; 1% risk of failure)
Press: ? - help, Q - select action, (/) - cycle Shift-Dir - straight line, f/p - death yak
Aim: a death yak (almost dead, 94% to hit)
The blast of sand misses the death yak.
The death yak gores you but does no damage.
The death yak gores you!
* * * LOW HITPOINT WARNING * * *
Aiming: Sandblast (safe; 1% risk of failure)
Press: ? - help, Q - select action, (/) - cycle Shift-Dir - straight line, f/p - death yak
Aim: a death yak (severely wounded, 94% to hit)
The blast of sand misses the death yak.
The death yak gores you but does no damage.
The death yak snorts and paws the ground.
The death yak gores you!!
You die...

.....()..)..[.##.###..8.....##...
......................#.....#####
............#.##.####.####### #.
......................# #.
...........###.#.####^# #.
..#######..##....# #.# #.
..#.....#..##.#..# #.# #.
..#.8.8.#..##.#Y.####.# ##
..'..∩..''###...@...#.#
###.8.8.#.#########.#.#
#.....#...........#.#
###########.......#.# #.#.##....#
#######.#....#### #.......######
#.####### #.#


You could see a death yak.

Vanquished Creatures
  A death yak (D:10)
  Amaemon (D:8)
  Pikel (D:7)
  A manticore (D:9)
  An orange demon (D:8)
  2 trolls (D:10)
  A hornet (D:10)
  A vampire (D:9)
  A shadow (D:9)
  3 wraiths
  A wyvern (D:9)
  6 yaks (D:9)
  Menkaure (D:7)
  An acid dragon (D:9)
  3 water moccasins
  10 orc warriors
  A black bear (D:6)
  2 sky beasts (D:6)
  4 ogres
  5 centaurs
  2 lemures (D:6)
  2 kobold brigands
  2 bullfrogs
  4 necrophages
  A scorpion (D:6)
  3 wights (D:6)
  10 killer bees (D:9)
  7 howler monkeys
  3 hounds
  3 jellies
  5 orc priests
  A gnoll bouda (D:7)
  A hell rat (D:10)
  4 iguanas
  4 orc wizards
  7 gnolls
  3 adders
  2 shadow imps
  A white imp (D:7)
  An ufetubus (D:5)
  4 worms
  2 dart slugs (D:3)
  59 orcs
  11 ball pythons
  13 endoplasms
  5 giant cockroaches
  3 goblins
  12 hobgoblins
  3 jackals (D:1)
  3 quokkas
  6 bats
  6 frilled lizards
  19 kobolds
  4 rats (D:1)
263 creatures vanquished.

Notes
Turn   | Place    | Note
-------+----------+-------------------------------------------
     0 | D:1      | quixfox the Gargoyle Earth Elementalist began the quest for
                  | the Orb.
     0 | D:1      | Reached XP level 1. HP: 10/10 MP: 3/3
   365 | D:1      | Reached XP level 2. HP: 15/15 MP: 1/5
   410 | D:1      | Reached skill level 4 in Earth Magic
   678 | D:1      | Reached XP level 3. HP: 19/19 MP: 2/6
  1208 | D:1      | Found a faded altar of an unknown god.
  1253 | D:2      | Found Oppit's Weapon Shop.
  1660 | D:2      | Identified the +1 robe of Jypigupu {Dex+4}
  1857 | D:2      | Reached XP level 4. HP: 24/24 MP: 6/8
  2161 | D:3      | Reached skill level 5 in Earth Magic
  3264 | D:4      | Reached XP level 5. HP: 28/28 MP: 7/10
  3462 | D:4      | Reached skill level 6 in Earth Magic
  3462 | D:4      | Reached XP level 6. HP: 32/32 MP: 7/12
  3931 | D:5      | Entered Level 5 of the Dungeon
  4535 | D:5      | Reached skill level 7 in Earth Magic
  4535 | D:5      | Reached XP level 7. HP: 36/36 MP: 11/14
  4578 | D:5      | Found a staircase to the Ecumenical Temple.
  4583 | Temple   | Entered the Ecumenical Temple
  4663 | Temple   | Became a worshipper of Vehumet
  4898 | D:6      | Learned a level 2 spell: Passwall
  4902 | D:6      | Learned a level 3 spell: Stone Arrow
  4922 | D:6      | Reached skill level 5 in Spellcasting
  4950 | D:6      | Reached skill level 1 in Fighting
  4950 | D:6      | Reached skill level 1 in Staves
  4950 | D:6      | Reached skill level 1 in Fire Magic
  4951 | D:6      | Reached skill level 1 in Conjurations
  5202 | D:5      | Reached XP level 8. HP: 34/44 MP: 10/15
  5749 | D:6      | Reached * piety under Vehumet
  5749 | D:6      | Offered knowledge of Freeze by Vehumet.
  5755 | D:6      | Reached skill level 8 in Earth Magic
  5808 | D:7      | Noticed Menkaure
  6090 | D:7      | Noticed Pikel
  6098 | D:6      | Reached XP level 9. HP: 36/51 MP: 14/17
  6100 | D:6      | Reached skill level 1 in Evocations
  6258 | D:7      | Killed Menkaure
  6341 | D:7      | Found an ancient bone altar of Kikubaaqudgha.
  6361 | D:7      | Found a flagged portal.
  6370 | Bailey   | Entered a bailey
  6650 | Bailey   | Reached ** piety under Vehumet
  6650 | Bailey   | Offered knowledge of Static Discharge by Vehumet.
  7267 | D:7      | Found Koniaq's General Store.
  7278 | D:7      | Bought a +0 helmet for 49 gold pieces
  7278 | D:7      | Bought a scroll of teleportation for 33 gold pieces
  7324 | D:7      | Killed Pikel
  7958 | D:8      | Reached skill level 5 in Fighting
  7958 | D:8      | Reached skill level 9 in Earth Magic
  7966 | D:8      | Offered knowledge of Poisonous Vapours by Vehumet.
  8001 | D:8      | Noticed an orange demon
  8012 | D:8      | Killed an orange demon
  8013 | D:8      | Reached skill level 5 in Conjurations
  8013 | D:8      | Reached XP level 10. HP: 57/59 MP: 15/20
  8045 | D:8      | Noticed Amaemon
  8058 | D:8      | Killed Amaemon
  8059 | D:8      | Reached skill level 1 in Shields
  8059 | D:8      | Reached skill level 5 in Fire Magic
  8367 | D:8      | Found a snail-covered altar of Cheibriados.
  8426 | D:8      | Reached *** piety under Vehumet
  8844 | D:9      | Offered knowledge of Iskenderun's Mystic Blast by Vehumet.
  9489 | D:9      | Identified the +1 leather armour of Orghamud {Rampage}
  9769 | D:9      | Noticed a manticore
  9887 | D:9      | Killed a manticore
  9888 | D:9      | Reached skill level 1 in Maces & Flails
 10144 | D:9      | Reached skill level 10 in Earth Magic
 10150 | D:9      | Reached XP level 11. HP: 44/65 MP: 22/22
 10168 | D:9      | HP: 2/66 [something (21)]
 10178 | D:9      | HP: 2/66 [orc warrior/+0 battleaxe (9)]
 10531 | D:10     | Entered Level 10 of the Dungeon
 11265 | D:10     | Found a shadowy altar of Dithmenos.
 11304 | D:10     | Found Jygippub's Distillery.
 11746 | D:10     | Reached **** piety under Vehumet
 11751 | D:10     | Found a staircase to the Orcish Mines.
 11840 | D:10     | Offered knowledge of Fireball by Vehumet.
 11847 | D:10     | Learned a level 5 spell: Fireball
 11969 | D:10     | Found Coreteic's Assorted Antiques.
 12041 | D:10     | Bought a scroll of fear for 124 gold pieces
 12041 | D:10     | Bought a scroll of teleportation for 93 gold pieces
 12041 | D:10     | Bought a scroll labelled EBETAAN OMYRE for 31 gold pieces
 12042 | D:10     | Bought a scroll of identify for 62 gold pieces
 12127 | D:11     | Noticed a death yak
 12131 | D:11     | Found a staircase to the Lair.
 12141 | D:11     | Noticed a death yak
 12155 | D:10     | Killed a death yak
 12410 | D:11     | Noticed a death yak
 12423 | D:10     | HP: 3/66 [death yak (9)]
 12424 | D:10     | Demolished by a death yak

Illustrated notes

Levels and vault maps discovered:
D:1:      wander_arrival_lonely_grave, layout_basic,
          dilly_ecumenical_altar_fadedgnrine, hangedman_decor_peaks_small
D:2:      layout_loops_cross, serial_shops, shop, serial_forest,
          infiniplex_forest_lined_room_, infiniplex_forest_fountain,
          infiniplex_forest_3_way, infiniplex_forest_side_room
D:3:      layout_loops_ring
D:4:      layout_loops_ring, hangedman_abyss_or_decor_stabs
D:5:      layout_loops_ring, temple_doors_e
D:6:      layout_rooms
D:7:      layout_cave_pools, nicolae_kikubaaqudgha_miasma_corner, serial_shops,
          nicolae_lakefront_shop, enter_bailey_6, uniq_menkaure, uniq_pikel
D:8:      layout_basic, slow_altar_2, serial_glass, glass_columns_a,
          glass_columns_b, glass_columns_b, glass_columns_b, glass_columns_a,
          glass_columns_b, uniq_amaemon
D:9:      minmay_opposing_rooms, layout_cave_pools
D:10:     layout_basic, grunt_dithmenos_smoke_and_mirrors, david_orc_5,
          serial_shops, nicolae_shop_hallway_plus, kennysheep_little_box
D:11:     cheibrodos_steamvent, layout_cave_pools, dpeg_lair_monsters,
          serial_ice, serial_ice_j, serial_ice_m, serial_ice_a, serial_ice_g,
          serial_ice_e, serial_ice_f, serial_ice_h, serial_ice_b, serial_ice_c,
          serial_ice_o, portal_ice_cave_rime
Temple:   nicolae_temple_bog_church

Skill      XL: |  1  2  3  4  5  6  7  8  9 10 11 |
---------------+----------------------------------+-----
Earth Magic    | 4 5 6 7 8 9 10 | 10.4
Spellcasting   | 3 4 5 6 7 |  7.9
Fighting       | 2 3 5 6 |  6.9
Staves         | 1 3 |  3.0
Fire Magic     | 1 3 4 5 6 |  6.3
Conjurations   | 1 3 5 6 |  6.9
Evocations     | 3 |  3.1
Shields        | 3 4 |  4.2
Maces & Flails | 1 2 |  2.6
Dodging        | |  1.5
Stealth        | |  2.1
Transmutations | |  0.7

Action                   |  1- 3 |  4- 6 |  7- 9 | 10-12 || total
-------------------------+-------+-------+-------+-------++-------
Melee: Staff             |       |       |     3 |       ||     3
       Whip              |       |       |       |   107 ||   107
       Punch             |       |       |       |     1 ||     1
 Cast: Sandblast         |    55 |    68 |   189 |   164 ||   476
  Use: Scroll            |       |    14 |     4 |     6 ||    24
       Potion            |       |       |       |     5 ||     5
Armor: Robe              |     6 |     7 |    77 |   142 ||   232
Dodge: Dodged            |     9 |    14 |   105 |   142 ||   270
Block: Buckler           |       |       |       |    18 ||    18

Table legend: (Time is in decaauts)
 A = Elapsed time spent in this place.
 B = Non-inter-level travel time spent in this place.
 C = Inter-level travel time spent in this place.
 D = Time resting spent in this place.
 E = Time spent auto-exploring this place.
 F = Levels seen in this place.
 G = Mean time per level.
                   A        B        C        D        E       F      G
               +--------+--------+--------+--------+--------+-----+--------+
         Total |  12941 |  12684 |    257 |   3268 |   6700 |  13 |  995.5 |
       Dungeon |  12341 |  12095 |    246 |   3061 |   6675 |  11 | 1121.9 |
        Temple |     95 |     84 |     11 |      0 |     25 |   1 |   95.0 |
        Bailey |    505 |    505 |      0 |    207 |      0 |   1 |  505.0 |
               +--------+--------+--------+--------+--------+-----+--------+

Top non-repeatable levels by time:
     D:9: 2128 daAuts
    D:10: 1700 daAuts
     D:1: 1289 daAuts
     D:6: 1191 daAuts
     D:8: 1152 daAuts
     D:5: 1084 daAuts
     D:4: 1002 daAuts
     D:3: 938 daAuts
     D:7: 923 daAuts
     D:2: 851 daAuts
  Bailey: 505 daAuts
  Temple: 95 daAuts
    D:11: 80 daAuts
